 Dungeon Crawl Stone Soup version 0.28-a0-1206-g193881aaa2 (webtiles) character file.

Game seed: 17498322002448779292

917 fragbeetle the Spear-Bearer (level 8, 0/61 HPs)
             Began as a Merfolk Gladiator on Dec 21, 2021.
             Was an Initiate of Gozag.
             Succumbed to a scorpion's poison
             ... on level 5 of the Dungeon.
             The game lasted 00:13:10 (4885 turns).

fragbeetle the Spear-Bearer (Merfolk Gladiator)     Turns: 4885, Time: 00:13:10

Health: 0/61       AC:  6    Str: 16    XL:     8   Next: 9%
Magic:  8/8        EV: 17    Int:  7    God:    Gozag
Gold:   139        SH:  0    Dex: 16    Spells: 4/7 levels left

rFire   . . .      SeeInvis .   v - +3 hand axe
rCold   . . .      Faith    .   (no shield)
rNeg    . . .      Spirit   .   q - +0 ring mail {Will+}
rPois   .          Reflect  .   c - +0 helmet
rElec   .          Harm     .   (no cloak)
rCorr   .          Rampage  .   (no gloves)
Will    +....                   (no boots)
Stlth   +.........              (no amulet)
HPRegen 0.20/turn               k - +4 ring of evasion
MPRegen 0.11/turn               (no ring)

@: mighty, lethally poisoned (0 -> -6), flying
A: (nimble swimmer 2), mertail
a: Renounce Religion, Potion Petition, Call Merchant, Bribe Branch


You were on level 5 of the Dungeon.
You worshipped Gozag.
Gozag was aware of your devotion.
You visited 1 branch of the dungeon, and saw 5 of its levels.

You collected 347 gold pieces.
You spent 159 gold pieces at shops.
You paid 49 gold pieces to Gozag.

Inventory:

Hand Weapons
 a - a +0 trident
 v - a +3 hand axe (weapon)
 x - the +2 whip of Eternal Vigilance {vorpal, rElec}
   (You found it on level 4 of the Dungeon)

   It inflicts extra damage upon your enemies.
   rElec:     It insulates you from electricity.
Missiles
 d - 3 throwing nets
 h - 123 stones
 r - 21 poisoned darts (quivered)
Armour
 c - a +0 helmet (worn)
 q - a +0 ring mail of willpower (worn)
Magical Staves
 o - a staff of death
Jewellery
 k - a +4 ring of evasion (left hand)
Wands
 y - a wand of polymorph (6)
Scrolls
 b - a scroll of fear {unknown}
 e - 4 scrolls of enchant armour
 f - 2 scrolls of vulnerability {unknown}
 j - 5 scrolls of noise {unknown}
 l - 2 scrolls of enchant weapon {unknown}
 m - 5 scrolls of identify
 n - a scroll of acquirement {unknown}
 p - 3 scrolls of amnesia {unknown}
 t - a scroll of holy word {unknown}
 u - a scroll of magic mapping {unknown}
 w - a scroll of teleportation
Potions
 i - a potion of ambrosia {unknown}
 z - a potion of mutation {unknown}
 A - a potion of lignification {unknown}


   Skills:
 + Level 4.5 Fighting
 + Level 1.6(3.4) Axes
 + Level 8.2(8.5) Polearms
 + Level 4.1 Throwing
 + Level 1.9 Armour
 - Level 5.0 Dodging
 + Level 2.8 Summonings


You had 4 spell levels left.
You knew the following spells:

 Your Spells              Type           Power      Damage    Failure   Level
a - Call Canine Familiar  Summ           4%         N/A       63%         3

Your spell library contained the following spells:

 Spells                   Type           Power      Damage    Failure   Level
 Animate Skeleton         Necr           0%         N/A       65%         1
 Pain                     Necr           0%         1d4       65%         1
 Portal Projectile        Hex/Tloc       0%         N/A       95%         3
 Spider Form              Tmut/Pois      0%         N/A       95%         3
 Vampiric Draining        Necr           0%         2d6       95%         3
 Leda's Liquefaction      Hex/Erth       0%         N/A       100%        4
 Metabolic Englaciation   Hex/Ice        0%         N/A       100%        5
 Necromutation            Tmut/Necr      0%         N/A       100%        8


Dungeon Overview and Level Annotations

Branches:
Dungeon (5/15)
 Temple: D:4-7

Altars:
Elyvilon
Gozag
Ru
Wu Jian

Shops:
D:1 :   D:4 ?


Innate Abilities, Weirdness & Mutations

((You are quick and stealthy near water. (Stealth+, EV+, Speed+++)))
Your lower body shifts to a powerful aquatic tail in water.


Message History

You kill the orc priest!
You miss something. You barely miss the orc. You miss something.
You hear a shout!
You hear an angry hiss.
The orc closely misses you. Something barely misses you.
You barely miss the orc. You miss something.
The orc hits you but does no damage. Something hits you but does no damage.
You hit the orc but do no damage. You completely miss something.
The orc hits you with a +0 whip.
* * * LOW HITPOINT WARNING * * *
An iguana comes into view.
An orc comes into view. It is wielding a +0 whip.
Something barely misses you.
You hit the orc.
The orc is heavily wounded.
You miss something. The orc barely misses you. Something hits you.
* * * LOW HITPOINT WARNING * * *
Okay, then.
The orc is distracted by your dazzling golden aura.
The iguana is distracted by your dazzling golden aura.
A scorpion comes into view.
The scorpion barely misses you.
Found a chain mail.
The iguana is no longer distracted by gold.
The scorpion misses you. The scorpion stings you.
* * * LOW HITPOINT WARNING * * *
You are lethally poisoned!
The scorpion poisons you!
* * * LOW HITPOINT WARNING * * *
You feel very sick.
It was a potion of flight.
You feel very buoyant.
You fly up into the air.
* * * LOW HITPOINT WARNING * * *
You feel sick. The scorpion misses you.
It was a potion of might.
You feel very mighty all of a sudden.
You die...
Your body crumbles into a pile of gold.

.....# #..#.##.## #.#.#.#
.#.#.###......#..#.##..# #.#.#.#
#.#.#.##......#..#.###.###.#.#.#
.#.#.###......#..#.# #..##.#.#.#
#.#.#.##......#..#.# ##.##.#.#.#
.#.#.###......####.####..#.#.#.##
#.#.#.##......# #.........#.#.#.
.#.#.###......##########.###.#.#.
#l#.#.##......os@....###.###.#.#.
.#.#.###......######.#.......#.#.
#.#.#.##......# #.##.##.#.#.
.#.#.#.#......# #.#..##.#.#.
#.#.#..#l.....# #.#.......#.
#................ #.#.#.#.###.
#................. #.#.#.#.###.
#.............[... #.#.........
#................. #.###...####


You could see a scorpion and an orc.

Vanquished Creatures
  A steam dragon (D:4)
  A water moccasin (D:4)
  An ice beast (D:5)
  2 necrophages (D:4)
  A phantom (D:4)
  A scorpion (D:4)
  2 orc priests
  A centaur skeleton (D:4)
  A hound (D:5)
  2 orc wizards (D:3)
  3 adders
  2 adder skeletons (D:4)
  A dart slug (D:3)
  10 orcs
  3 endoplasms
  4 giant cockroaches
  8 goblins
  6 hobgoblins
  5 jackals
  10 kobolds
  2 quokkas (D:4)
  6 ball pythons
  4 bats
  3 rats
80 creatures vanquished.

Notes
Turn   | Place    | Note
-------+----------+-------------------------------------------
     0 | D:1      | fragbeetle the Merfolk Gladiator began the quest for the
                  | Orb.
     0 | D:1      | Reached XP level 1. HP: 16/16 MP: 1/1
    59 | D:1      | Found a faded altar of an unknown god.
   173 | D:1      | Reached XP level 2. HP: 23/23 MP: 2/2
   229 | D:1      | Found Haqeblank's Book Emporium.
   889 | D:2      | Got the Guide on Moulding and Malediction
  1054 | D:2      | Reached skill level 5 in Polearms
  1781 | D:3      | Reached XP level 3. HP: 28/28 MP: 3/3
  1785 | D:3      | Found a sacrificial altar of Ru.
  1798 | D:3      | Reached XP level 4. HP: 31/34 MP: 4/4
  2067 | D:3      | Reached skill level 6 in Polearms
  2073 | D:3      | Reached XP level 5. HP: 39/41 MP: 5/5
  2239 | D:3      | Learned a level 3 spell: Call Canine Familiar
  2242 | D:3      | Noticed an ogre
  2723 | D:4      | Noticed a necrophage
  2843 | D:4      | Found an opulent altar of Gozag.
  2855 | D:4      | Became a worshipper of Gozag Ym Sagoz the Greedy
  2884 | D:4      | Noticed a necrophage
  2902 | D:4      | Killed a necrophage
  2903 | D:4      | Reached skill level 5 in Dodging
  2903 | D:4      | Reached skill level 1 in Summonings
  2903 | D:4      | Reached XP level 6. HP: 32/47 MP: 6/6
  2959 | D:4      | Reached skill level 7 in Polearms
  3183 | D:4      | Noticed a water moccasin
  3206 | D:4      | Killed a water moccasin
  3207 | D:4      | Reached skill level 1 in Armour
  3444 | D:4      | Found an ornate altar of the Wu Jian Council.
  3453 | D:4      | Found a white marble altar of Elyvilon.
  3621 | D:4      | Killed a necrophage
  3622 | D:4      | Reached XP level 7. HP: 53/53 MP: 7/7
  3676 | D:4      | Found Yhuogiri's Magic Scroll Shop.
  3681 | D:4      | Bought a scroll of identify for 22 gold pieces
  3681 | D:4      | Bought a scroll of identify for 22 gold pieces
  3681 | D:4      | Bought a scroll of enchant armour for 82 gold pieces
  3681 | D:4      | Bought a scroll of teleportation for 33 gold pieces
  3699 | D:4      | Noticed a steam dragon
  3713 | D:4      | Killed a steam dragon
  3714 | D:4      | Reached skill level 1 in Axes
  3951 | D:4      | Identified the +2 whip of Eternal Vigilance {vorpal, rElec}
  4106 | D:4      | Reached skill level 8 in Polearms
  4405 | D:5      | Entered Level 5 of the Dungeon
  4801 | D:5      | Reached XP level 8. HP: 61/61 MP: 8/8
  4883 | D:5      | HP: 3/61 [poisoned by a scorpion]
  4885 | D:5      | Succumbed to a scorpion's poison

Illustrated notes

Levels and vault maps discovered:
D:1:      nzn_arrival_settlement, layout_basic, ebering_ecumenical_altar_rust,
          serial_shops, nicolae_shop_hallway_plus,
          minmay_misc_feat_secret_circle, chequers_jeans
D:2:      layout_basic, nicolae_underground_beach
D:3:      minmay_wonky_spiral, layout_loops_ring,
          nicolae_ru_great_annihilating_truth
D:4:      layout_basic, mainiacjoe_overflow_small_starburst,
          jmf_multi_god_temple, serial_shops, shop
D:5:      layout_basic, minivault_23

Skill      XL: |  1  2  3  4  5  6  7 |
---------------+----------------------+-----
Polearms       | 5 6 7 8 |  8.2
Fighting       | 3 4 |  4.5
Throwing       | 3 4 |  4.1
Dodging        | 5 |  5.0
Summonings     | 1 2 |  2.8
Armour         | 1 |  1.9
Axes           | 1 |  1.6

Action                   |  1- 3 |  4- 6 |  7- 9 || total
-------------------------+-------+-------+-------++-------
Melee: Trident           |    58 |   123 |       ||   181
       Hand axe          |       |    37 |    62 ||    99
Throw: Stone             |     4 |     6 |       ||    10
       Dart              |       |     2 |    12 ||    14
  Use: Potion            |       |     1 |     2 ||     3
 Stab: Sleeping          |     1 |       |       ||     1
       Paralysed         |       |     1 |       ||     1
Armor: Leather armour    |     9 |       |       ||     9
       Ring mail         |       |    26 |    16 ||    42
Dodge: Dodged            |    43 |   103 |    54 ||   200

Table legend: (Time is in decaauts)
 A = Elapsed time spent in this place.
 B = Non-inter-level travel time spent in this place.
 C = Inter-level travel time spent in this place.
 D = Time resting spent in this place.
 E = Time spent auto-exploring this place.
 F = Levels seen in this place.
 G = Mean time per level.
                   A        B        C        D        E       F      G
               +--------+--------+--------+--------+--------+-----+--------+
         Total |   4898 |   4732 |    166 |    775 |   2587 |   5 |  979.6 |
       Dungeon |   4898 |   4732 |    166 |    775 |   2587 |   5 |  979.6 |
               +--------+--------+--------+--------+--------+-----+--------+

Top non-repeatable levels by time:
     D:4: 1720 daAuts
     D:2: 925 daAuts
     D:3: 894 daAuts
     D:1: 875 daAuts
     D:5: 482 daAuts
